 Dungeon Crawl Stone Soup version 0.31-a0-881-ge136f0c47a (webtiles) character file.

Game seed: 16060634279171376893

121 scionoferis the Chopper (level 4, -2/41 HPs)
             Began as a Minotaur Chaos Knight on Oct 15, 2023.
             Was a Plaything of Xom.
             Killed from afar by an orc wizard (14 damage)
             ... with a puff of flame
             ... on level 3 of the Dungeon.
             The game lasted 00:03:23 (1489 turns).

scionoferis the Chopper (Minotaur Chaos Knight)     Turns: 1489, Time: 00:03:23

Health: -2/41      AC:  5    Str: 17    XL:     4   Next: 76%
Magic:  3/3        EV: 11    Int:  9    God:    Xom [..*...]
Gold:   62         SH:  0    Dex: 11    Spells: 3/3 levels left

rFire   . . .        a - +0 hand axe (chaos)
rCold   + . .        (no shield)
rNeg    . . .        b - +2 leather armour
rPois   .            (helmet restricted)
rElec   .            (no cloak)
rCorr   .            (no gloves)
SInv    .            (no boots)
Will    .....        (no amulet)
Stlth   +            d - ring of protection from cold
HPRegen 0.26/turn    (no ring)
MPRegen 0.08/turn

%: no passive effects
@: no status effects
A: horns 2, retaliatory headbutt
a: Renounce Religion


You were on level 3 of the Dungeon.
You worshipped Xom.
You were a toy of Xom.
You visited 1 branch of the dungeon, and saw 3 of its levels.

You collected 62 gold pieces.


Innate Abilities, Weirdness & Mutations

You have a pair of horns on your head.
You reflexively headbutt those who attack you in melee.


   Skills:
 + Level 4.9 Fighting
 * Level 5.8 Axes
 - Level 2.4 Armour
 - Level 1.1 Dodging


You had 3 spell levels left.
You didn't know any spells.
Your spell library contained the following spells:

 Spells                   Type           Power      Damage    Failure   Level
 Kiss of Death            Conj/Necr      0%         2d5       43%         1
 Cigotuvi's Dreadful Rot  Necr/Pois/Air  0%         N/A       58%         2
 Confusing Touch          Hex            0%         N/A       82%         3
 Inner Flame              Hex/Fire       0%         N/A       82%         3
 Mephitic Cloud           Conj/Pois/Air  0%         N/A       82%         3
 Swiftness                Air            0%         N/A       82%         3
 Dispel Undead            Necr           0%         3d6       99%         4
 Arcjolt                  Conj/Air       0%         1d10      100%        5
 Summon Forest            Summ/Tloc      0%         N/A       100%        5
 Eringya's Noxious Bog    Tmut/Pois      0%         4d6       100%        6
 Summon Hydra             Summ           0%         N/A       100%        7

Inventory:

Hand Weapons
 a - a +0 hand axe of chaos (weapon)
Missiles
 j - 5 datura-tipped darts
 q - 3 poisoned darts (quivered)
Armour
 b - a +2 leather armour (worn)
Jewellery
 d - a ring of protection from cold (left hand)
   (You found it on level 1 of the Dungeon)
Scrolls
 c - a scroll of butterflies
 h - a scroll of enchant armour {unknown}
 i - a scroll of teleportation {unknown}
 l - 2 scrolls of enchant weapon {unknown}
 m - a scroll of fog {unknown}
 n - 2 scrolls of identify {unknown}
Potions
 e - 2 potions of heal wounds {unknown}
 f - 3 potions of curing
 g - a potion of berserk rage {unknown}
 k - a potion of cancellation {unknown}
 o - a potion of might {unknown}
 p - a potion of haste {unknown}

Dungeon Overview and Level Annotations

Branches:
Dungeon (3/15)

Altars:

#.....>...#.# #
##.#.#.#.##.# #.
######..##.###.#
..##...##.###.# #.#
.......##....♣♣♣♣##
#..[~~~~~P~~♣ #
##...~P~~P~~~~♣
.####.####§.~~~~~~≈≈≈~~~♣
......§§@{{.P~~~PP≈≈≈P≈~~
#####.####o..~~P~≈≈≈≈≈~~P
# #...~~~~~≈≈P≈P≈~
#...P~P~P≈≈≈≈≈~P P
#.PP~~~PP≈≈≈≈
#P..PP~~P≈≈P
#.....~P~~~PP h
#.......~~~~~~~ g
#..###..####.#♣


You could see an orc.


Message History

Welcome, scionoferis the Minotaur Chaos Knight.
Below lies the Orb of Zot, rumoured to be powerful enough to resurrect a god...
Xom says: A new plaything!
Press ? for a list of commands and other information.
Found a staircase leading out of the dungeon.
You open the door.
There is an open door here.
You open the door.
There is an open door here.
You now have 1 gold piece.
There is an open door here.
d - a ring of protection from cold
Found a stone staircase leading down.
You now have 11 gold pieces (gained 10).
d - a ring of protection from cold (left hand)
Found a ring mail.
You see here a +0 ring mail.
A bat comes into view.
Found a Fen Folio.
A ball python comes into view.
The ball python hisses angrily.
The bat hits you but does no damage.
You barely miss the bat. The bat hits you but does no damage.
You barely miss the bat. The bat hits you but does no damage. x2
You hit the bat.
You kill the bat!
You hit the ball python.
You kill the ball python!
No target in view!
You pick up a book of Touch and begin reading...
You add the spells Kiss of Death, Confusing Touch and Dispel Undead to your library.
You pick up a Fen Folio and begin reading...
You add the spells Summon Forest, Eringya's Noxious Bog and Summon Hydra to your library.
Found 8 stones.
e - a grey potion No target in view!
A kobold comes into view. It is wielding a +0 short sword.
Found a glowing emerald potion.
The kobold shouts!
The kobold barely misses you.
You closely miss the kobold. You headbutt the kobold.
You kill the kobold!
No target in view!
Things that are here:
a +0 short sword; a kobold corpse You pick up a lithographed book and begin reading...
It was the Disquisition on Burning Electrocution.
You add the spells Cigotuvi's Dreadful Rot, Swiftness, Mephitic Cloud, Inner Flame and Arcjolt to your library.
Things that are here:
a +0 short sword; a kobold corpse
f - a glowing emerald potion A kobold comes into view.
It is wielding a +0 club.
The kobold shouts!
You hit the kobold.
The kobold resists with significant effort.
Your headbutt misses the kobold.
The kobold is severely wounded.
The kobold closely misses you. The kobold hits you with a +0 club.
You closely miss the kobold.
The kobold is severely wounded.
The kobold hits you with a +0 club.
A kobold is nearby!
You hit the kobold but do no damage. You drain the kobold.
You kill the kobold!
No target in view!
HP restored.
Things that are here:
a +0 club; a kobold corpse You now have 16 gold pieces (gained 5).
g - a white potion You now have 27 gold pieces (gained 11).
Found a ring mail and a helmet.
A hobgoblin comes into view.
The hobgoblin shouts!
A hobgoblin is nearby!
The hobgoblin hits you.
You barely miss the hobgoblin.
The hobgoblin hits you but does no damage.
You barely miss the hobgoblin. The hobgoblin hits you.
You hit the hobgoblin. You burn the hobgoblin.
You kill the hobgoblin!
No target in view!
You see here a +0 ring mail.
Found a robe.
A goblin comes into view. It is wielding a +0 club.
The goblin shouts!
A goblin is nearby!
Found a club.
The goblin closely misses you.
You closely miss the goblin. The goblin hits you with a +0 club.
You closely miss the goblin. You punch the goblin.
The goblin is moderately wounded.
The goblin barely misses you.
You hit the goblin.
The goblin seems to grow stronger.
Your headbutt misses the goblin.
The goblin is severely wounded.
The goblin closely misses you.
You closely miss the goblin. Your headbutt misses the goblin.
The goblin is severely wounded.
The goblin closely misses you. The goblin hits you with a +0 club.
You closely miss the goblin. Your headbutt misses the goblin.
The goblin is severely wounded.
The goblin barely misses you.
You hit the goblin. You freeze the goblin.
You kill the goblin!
Your Axes skill increases to level 4!
No target in view!
You see here a +0 club.
Found a beast talisman.
You see here a beast talisman.
A ball python comes into view.
The ball python hisses angrily.
You see here a glowing emerald potion.
You hit the ball python.
The ball python resists with significant effort.
The ball python is severely wounded.
The ball python bites you but does no damage.
The ball python closely misses you.
You hit the ball python.
You kill the ball python!
No target in view!
f - 2 glowing emerald potions (gained 1)
You see here a beast talisman.
A kobold comes into view. It is wielding a +0 short sword.
The kobold throws a stone.
The stone hits you but does no damage.
The kobold throws a stone.
The stone hits you but does no damage.
Found 5 gold pieces.
The kobold hits you with a +0 short sword.
You closely miss the kobold.
The kobold hits you with a +0 short sword.
You closely miss the kobold.
The kobold hits you with a +0 short sword.
You hit the kobold. You freeze the kobold.
You kill the kobold!
You have reached level 2!
h - a scroll labelled BOOPEL PEFRIF
Things that are here:
a +0 short sword; 3 stones You now have 32 gold pieces (gained 5).
A jackal comes into view.
Found a glowing emerald potion.
The jackal barks!
The jackal moves out of view.
A jackal comes into view.
The jackal barks!
A jackal comes into view.
The jackal barks!
You closely miss the jackal. Your headbutt misses the jackal.
You hit the jackal but do no damage.
The jackal bites you but does no damage. x3
The jackal misses you.
You closely miss the jackal. x2; The jackal misses you.
You furiously retaliate!
You headbutt the jackal.
The jackal bites you but does no damage.
You hit the jackal. Lightning courses through the jackal!
You kill the jackal!
You hit the jackal.
You kill the jackal!
You hit the jackal but do no damage. The jackal bites you.
The jackal closely misses you. You furiously retaliate!
You headbutt the jackal!
You kill the jackal!
No target in view!
No target in view!
You see here a jackal corpse.
You see here a jackal corpse.
f - 3 glowing emerald potions (gained 1)
i - a scroll labelled GOUXOH VIGUADGH You see here a +0 pair of gloves.
You see here a jackal corpse.
Found a stone staircase leading down.
A bat comes into view.
The bat barely misses you. You furiously retaliate!
You headbutt the bat. The bat hits you but does no damage.
You miss the bat.
The bat is severely wounded.
The bat closely misses you. The bat barely misses you. You furiously retaliate!
You headbutt the bat.
You kill the bat!
Your Fighting skill increases to level 4!
No target in view!
You see here a bat corpse.
A kobold comes into view. It is wielding a +0 dagger.
The kobold shouts!
A bat comes into view.
The kobold hits you but does no damage.
You barely miss the kobold. You headbutt the kobold.
You kill the kobold!
The bat barely misses you. You furiously retaliate!
You headbutt the bat!
You kill the bat!
No target in view!
No target in view!
Found 5 datura-tipped darts.
Things that are here:
a +0 dagger; a bat corpse; a kobold corpse You see here 5 datura-tipped darts.
There are no items here.
You see here 5 datura-tipped darts.
j - 5 datura-tipped darts
Found a faded altar of an unknown god.
Things that are here:
a +0 dagger; a bat corpse; a kobold corpse You see here a bat corpse.
There is a stone staircase leading down here.
A bat comes into view.
Found a stone staircase leading down.
The bat hits you but does no damage.
You hit the bat. You headbutt the bat.
You kill the bat!
You now have 44 gold pieces (gained 12).
You see here a bat corpse.
There is a stone staircase leading down here.
k - a murky white potion
l - a scroll labelled XUSTAI EXETA An endoplasm comes into view.
You catch the helpless endoplasm completely off-guard!
You slash the endoplasm! You burn the endoplasm.
You kill the endoplasm!
A bat comes into view.
The bat moves out of view.
The bat hits you but does no damage.
You slash the bat!
You kill the bat!
No target in view!
A hobgoblin comes into view.
The hobgoblin shouts!
Xom makes a sudden noise!
You hear a muffled joke.
There is an open door here.
You closely miss the hobgoblin. The hobgoblin hits you.
You hit the hobgoblin but do no damage.
The hobgoblin hits you but does no damage.
You hit the hobgoblin but do no damage. Your headbutt misses the hobgoblin.
The hobgoblin hits you but does no damage.
You hit the hobgoblin. You burn the hobgoblin.
You kill the hobgoblin!
No target in view!
You open the door.
Found a maw talisman.
Done exploring.
There is a stone staircase leading down here.
Search for what [? for help]? d: Unknown command.
You climb downwards.
Found a sling and a scroll labelled WETUXK JAITYAC.
There is a stone staircase leading up here.
Found a stone staircase leading up.
m - a scroll labelled WETUXK JAITYAC
Found an escape hatch in the ceiling.
Unknown command.
The kobold shouts!
You open the door.
The frilled lizard hisses angrily.
There is an open door here.
A kobold is nearby!
Found a scroll labelled SOZISOELASH.
The kobold hits you with a +0 short sword.
You hit the kobold.
The kobold is poisoned.
Your headbutt misses the kobold.
The kobold is moderately wounded.
The kobold barely misses you.
You hit the kobold. You freeze the kobold.
You kill the kobold!
Found a stone staircase leading down.
Found a stone staircase leading down.
You open the door. You miss the frilled lizard.
The frilled lizard closely misses you. You furiously retaliate!
You headbutt the frilled lizard.
You kill the frilled lizard!
No target in view!
No target in view!
There is a broken door here.
You see here a +0 short sword.
n - a scroll labelled SOZISOELASH
l - 2 scrolls labelled XUSTAI EXETA (gained 1)
An adder comes into view.
The adder hisses angrily.
The adder barely misses you.
You closely miss the adder. Your headbutt misses the adder.
The adder bites you but does no damage.
You closely miss the adder. The adder bites you but does no damage.
You hit the adder.
Space warps horribly around the adder!!
You kill the adder!
You have reached level 3!
Your experience leads to an increase in your attributes!
Increase (S)trength, (I)ntelligence, or (D)exterity?
You feel agile. x2
You see here an adder corpse.
e - 2 grey potions (gained 1)
A goblin comes into view. It is wielding a +0 club.
The goblin shouts!
You barely miss the goblin. Your headbutt misses the goblin.
The goblin barely misses you.
You closely miss the goblin. The goblin hits you but does no damage.
You hit the goblin.
Space warps horribly around the goblin!
You kill the goblin!
No target in view!
Found a hand axe.
You see here a +0 hand axe.
A goblin comes into view. It is wielding a +0 dagger.
The goblin shouts!
You hear a shout! x3; You hear an angry hiss.
You hear a shout! x4
You hit the goblin.
The goblin is moderately wounded.
The goblin hits you but does no damage.
You hit the goblin. You freeze the goblin.
You kill the goblin!
No target in view!
Search for what [Enter for "d:", or ? for help]? ax Unknown command. 4 goblins come into view.
The goblin shouts! x2
Robin of the Strong Arm comes into view.
They are wielding a +0 short sword.
The goblin unwields a +0 club.
The goblin wields a +0 sling.
The goblin shoots a sling bullet.
The sling bullet closely misses you.
A goblin comes into view. It is wielding a +0 dagger.
A hobgoblin comes into view.
The goblin moves out of view.
You hear a shout!
A goblin and an adder come into view.
The goblin shouts!
The adder hisses angrily.
You hear an angry hiss.
A goblin comes into view. It is wielding a +0 dagger.
Robin roars a battlecry!
The goblins go into a battle-frenzy!
A hobgoblin comes into view.
The goblin moves out of view.
You hear a shout!
You see here a +0 dagger.
An adder comes into view.
The adder hisses angrily.
The goblin unwields a +0 sling.
The goblin wields a +0 club.
The goblin hits you but does no damage.
A goblin comes into view. It is wielding a +0 club.
The goblin hits the bush but does no damage.
You see here a +0 dagger.
You hit the goblin.
The goblin is moderately wounded.
You hit the goblin. You burn the goblin.
You kill the goblin!
The goblin hits you with a +0 club.
You closely miss the goblin.
The goblin is moderately wounded.
The goblin barely misses you. You furiously retaliate!
You headbutt the goblin!
You kill the goblin!
The adder bites the bush but does no damage.
You hit Robin.
Robin evaporates and reforms as an orc!
You barely miss Robin. Your headbutt misses Robin.
Robin picks up a +0 short sword.
Robin wields a +0 short sword.
You closely miss the goblin. You hit Robin. You freeze Robin.
Robin picks up a +0 animal skin.
Robin wears a +0 animal skin.
The goblin hits you with a +0 dagger.
You barely miss the goblin. Your headbutt misses the goblin.
You closely miss Robin.
A bat comes into view.
Robin hits you with a +0 short sword. The goblin hits you with a +0 dagger.
Robin hits you with a +0 short sword.
The bat moves out of view.
You barely miss the goblin. You barely miss Robin.
The goblin barely misses you. Robin hits you but does no damage.
You miss the goblin. You hit Robin but do no damage.
The goblin hits you but does no damage. Robin hits you but does no damage.
You hit the goblin.
You feel better.
You kill the goblin!
You hit Robin. Lightning courses through Robin!
You kill Robin!
Robin returns to their original shape as they die.
The goblin no longer looks unusually strong.
The adder bites you but does no damage.
You closely miss the hobgoblin. Your headbutt misses the hobgoblin.
The hobgoblin hits you but does no damage.
You hit the hobgoblin but do no damage. You hit the hobgoblin.
The hobgoblin is moderately wounded.
You hit the adder. The adder bites you but does no damage.
The hobgoblin hits you but does no damage.
The adder bites you but does no damage.
You barely miss the hobgoblin.
The hobgoblin is moderately wounded.
You closely miss the adder.
The hobgoblin no longer looks unusually strong.
The hobgoblin hits you. The adder barely misses you. You furiously retaliate!
You headbutt the adder! The hobgoblin closely misses you.
You hit the hobgoblin. You freeze the hobgoblin.
You kill the hobgoblin!
You hit the adder but do no damage.
Space warps around the adder.
You kill the adder!
Your Axes skill increases to level 5!
You closely miss the goblin. You headbutt the goblin.
You kill the goblin!
You barely miss the hobgoblin. The hobgoblin completely misses you.
You slash the hobgoblin! You freeze the hobgoblin.
You kill the hobgoblin!
The goblin unwields a +0 dagger.
The goblin wields a +0 sling.
The goblin shoots a sling bullet.
The sling bullet closely misses you.
The goblin unwields a +0 sling.
The goblin wields a +0 dagger.
The goblin hits you but does no damage.
Things that are here:
a +0 club; a +0 dagger; an adder corpse You slash the goblin!
You kill the goblin!
You closely miss the goblin. The goblin hits you with a +0 club.
You slash the goblin! Lightning courses through the goblin!
You kill the goblin!
You barely miss the goblin.
Xom's power almost touches on you for a moment.
A monocle briefly appears over your right eye.
The goblin hits you with a +0 club.
You hit the goblin.
The goblin is poisoned.
The goblin is moderately wounded.
The goblin hits you but does no damage.
You closely miss the goblin.
The goblin is heavily wounded.
The goblin hits you with a +0 club.
You slash the goblin! You burn the goblin.
You kill the goblin!
The bat barely misses you. You furiously retaliate!
You headbutt the bat. You closely miss the bat.
The bat is moderately wounded.
The bat misses you. The adder bites you.
You are poisoned.
The adder poisons you!
You hit the adder. You burn the adder.
The adder is moderately wounded.
You feel sick. The bat hits you but does no damage. The adder bites you.
* * * LOW HITPOINT WARNING * * *
You are more poisoned.
The adder poisons you!
You hit the adder. You burn the adder.
The adder is severely wounded.
You hit the bat.
The bat is poisoned.
You feel sick.
You kill the bat!
The adder bites you.
* * * LOW HITPOINT WARNING * * *
You miss the adder. Your headbutt misses the adder.
The adder is severely wounded.
You feel sick. The adder bites you but does no damage.
The adder closely misses you.
You miss the adder. You headbutt the adder.
You kill the adder!
You feel sick.
You feel sick.
It was a potion of curing.
You feel better.
You closely miss the goblin. Your headbutt misses the goblin.
The goblin barely misses you. You furiously retaliate!
You headbutt the goblin!
You kill the goblin!
You have reached level 4!
You feel stronger.
Items here: ))) ††.
Found 6 gold pieces.
Items here: )))))))) [[ ††††.
Okay, then.
Things that are here:
a +0 dagger; a +0 club; a bat corpse
Items here: )))))))) [[ ††††.
Items here: ))) ††.
You start resting.
Xom almost notices you.
Your eyebrows wriggle.
You start resting.
HP restored.
Items here: )))))))) [[ ††††.
You now have 50 gold pieces (gained 6).
Found a hand axe.
You almost hear Xom's maniacal laughter.
You do an impromptu tapdance.
A frilled lizard comes into view.
A frilled lizard is nearby!
The frilled lizard closely misses you.
You closely miss the frilled lizard.
Your headbutt misses the frilled lizard.
The frilled lizard closely misses you.
You hit the frilled lizard.
The frilled lizard is poisoned.
Your headbutt misses the frilled lizard.
The frilled lizard is heavily wounded.
The frilled lizard bites you.
You closely miss the frilled lizard.
The frilled lizard is heavily wounded.
The frilled lizard bites you but does no damage.
You hit the frilled lizard but do no damage.
Lightning courses through the frilled lizard!
You kill the frilled lizard!
No target in view!
Found 3 stones.
You see here a frilled lizard corpse.
A rat comes into view.
Found 6 stones and a cyan potion.
The rat closely misses you. You furiously retaliate!
You headbutt the rat.
You kill the rat!
No target in view!
No target in view!
A ball python comes into view.
You see here a rat corpse.
A ball python is nearby!
The ball python bites you but does no damage.
The ball python closely misses you.
You hit the ball python.
You kill the ball python!
No target in view!
o - a cyan potion
Found a stone staircase leading down.
Found a stone staircase leading up.
A hobgoblin comes into view.
The hobgoblin shouts!
The hobgoblin barely misses you.
You slash the hobgoblin!
You kill the hobgoblin!
No target in view! "See what I see, my child!"
You detect creatures!
A kobold comes into view. It is wielding a +0 dagger.
The kobold shouts!
The kobold throws a stone.
The stone hits you but does no damage.
A dart slug comes into view.
You slash the kobold!
You kill the kobold!
Things that are here:
a +0 dagger; 5 stones; a kobold corpse The dart slug bites you.
You hit the dart slug.
You headbutt the dart slug, but do no damage.
The dart slug is heavily wounded.
The dart slug bites you but does no damage.
You hit the dart slug. You freeze the dart slug.
You kill the dart slug!
You see here a hobgoblin corpse.
You see here a frilled lizard corpse.
p - a fuming sapphire potion Xom grants you insight.
You feel aware of your surroundings.
There is a broken door here.
You see here a +0 short sword.
Found an escape hatch in the floor.
There is an open door here.
There is an open door here.
As you open the door, it creaks loudly!
There is an open door here.
There is an open door here.
There is a fountain of clear blue water here.
There is a broken door here.
You see here a +0 short sword.
Done exploring.
Search for what [Enter for "ax", or ? for help]? d: Unknown command.
There is a broken door here.
You see here a +0 short sword.
There is an open door here.
There is a stone staircase leading down here.
You climb downwards.
Xom shushes you conspicuously.
You feel stealthy.
Found 3 poisoned darts and a potion of curing.
Found a stone staircase leading up.
There is a stone staircase leading up here.
You see here 3 poisoned darts.
q - 3 poisoned darts
Okay, then.
Unknown command.
f - 3 potions of curing (gained 1)
You open the door.
Found a stone staircase leading down.
There is an open door here.
n - 2 scrolls labelled SOZISOELASH (gained 1)
You feel less stealthy.
A goblin comes into view. It is wielding a +0 dagger.
The goblin shouts!
You hear a shout!
The goblin hits you but does no damage.
A kobold comes into view. It is wielding a +0 dagger.
You closely miss the goblin. The goblin hits you but does no damage.
You hit the goblin. You freeze the goblin.
The goblin is heavily wounded.
A kobold comes into view. It is wielding a +0 short sword.
The goblin hits you with a +0 dagger.
You barely miss the goblin.
The kobold shouts!
You headbutt the goblin.
You kill the goblin!
The kobold hits you but does no damage.
You see here a +0 dagger.
You hit the kobold but do no damage. Your headbutt misses the kobold.
A hobgoblin comes into view.
The kobold closely misses you.
You closely miss the kobold.
The hobgoblin shouts!
You headbutt the kobold.
You kill the kobold!
You hit the kobold but do no damage. The kobold barely misses you.
You barely miss the kobold. Your headbutt misses the kobold.
The kobold hits you with a +0 short sword.
You slash the kobold!
You kill the kobold!
The hobgoblin closely misses you. You furiously retaliate!
You headbutt the hobgoblin.
Items here: ( )) †.
You hit the hobgoblin. You freeze the hobgoblin.
You kill the hobgoblin!
No target in view!
HP restored.
Found a stone staircase leading down.
You almost hear Xom's maniacal laughter.
You do an impromptu tapdance.
A worm comes into view.
Found a robe and 12 gold pieces.
An adder comes into view.
The adder hisses angrily.
The adder bites you but does no damage.
You miss the adder. The adder bites you but does no damage.
You hit the adder.
The adder is moving more slowly.
You headbutt the adder.
You kill the adder!
You hit the worm.
The worm is lightly wounded.
You barely miss the worm.
The worm is lightly wounded.
You completely miss the worm.
The worm is lightly wounded.
The worm misses you.
You hit the worm.
The worm is heavily wounded.
You slash the worm!
The worm is severely wounded.
The worm bites you.
You slash the worm! You burn the worm.
You kill the worm!
No target in view!
You enter the shallow water.
Moving in this stuff is going to be slow.
You now have 62 gold pieces (gained 12). 2 orc wizards come into view.
The orc wizard shouts! x2
The orc wizard casts a spell at you.
You are confused.
You hear a shout!
Unknown command.
You bump into the rock wall.
The orc wizard casts a spell at you.
You are more confused.
You bump into the rock wall.
The orc wizard gestures at you while chanting.
You are more confused.
You bump into the rock wall.
You bump into the rock wall.
You bump into the rock wall.
The orc wizard gestures wildly while chanting.
The orc wizard flickers and vanishes!
Deactivating autopickup; reactivate with Ctrl-A.
The orc wizard hits you with a +0 dagger.
You hear a shout!
You slash the orc wizard!
Lightning courses through the orc wizard!
You kill the orc wizard!
You bump into the rock wall.
You bump into the rock wall.
You feel less confused. Something hits you but does no damage.
You hit something.
Xom is highly amused!
Nothing appears to happen.
Something hits you.
You closely miss something.
You hear some strange, mumbled words.
Something tries to affect you, but you resist.
You completely miss something. Your headbutt misses something.
You hear some strange, mumbled words.
A magic dart appears from out of thin air!
The magic dart hits you!
You closely miss something. Something hits you but does no damage.
You miss something. Something hits you.
You miss something.
You hear some strange, mumbled words.
You are confused.
You bump into the rock wall.
Something hits you.
You bump into the rock wall.
Something hits you.
You bump into the rock wall.
You hear some strange, mumbled words.
A magic dart appears from out of thin air!
The magic dart hits you.
You closely miss something. Something completely misses you.
You miss something.
You feel less confused. Something hits you.
You closely miss something. Something hits you but does no damage.
You miss something. Something hits you but does no damage.
You barely miss something. Your headbutt misses something.
You hear some strange, mumbled words.
Something tries to affect you, but you resist.
You hear a shout!
You closely miss something. Your headbutt misses something.
Something hits you but does no damage.
An orc comes into view. It is wielding a +0 club.
You completely miss something. Something hits you but does no damage.
You completely miss something. Your headbutt misses something.
Something hits you.
You barely miss the orc. You barely miss the orc. Your headbutt misses the orc.
The orc hits you but does no damage.
An orc comes into view. It is wielding a +0 mace.
You closely miss the orc.
The orc shouts!
The orc hits you with a +0 club.
You closely miss the orc. The orc closely misses you.
You hit the orc. You freeze the orc.
The orc is heavily wounded.
An orc wizard appears from thin air!
Reactivating autopickup.
The orc hits you with a +0 club.
You slash the orc!
You kill the orc!
The orc wizard points at you and mumbles some strange words.
You resist with some effort.
An orc wizard comes into view.
It is wielding a +0 dagger. "See what I see, my child!"
You detect creatures!
The orc wizard hits you but does no damage.
The orc wizard gestures wildly while chanting.
The orc wizard flickers and vanishes!
Deactivating autopickup; reactivate with Ctrl-A.
Items here: )) [ †.
You hit the orc wizard but do no damage.
Space warps horribly around the orc wizard.
The orc wizard is moderately wounded.
The orc wizard hits you with a +0 dagger.
You miss the orc wizard. Your headbutt misses the orc wizard.
The orc wizard is moderately wounded.
The orc wizard completely misses you.
You miss the orc wizard.
The orc wizard is moderately wounded.
The orc wizard hits you with a +0 dagger.
* * * LOW HITPOINT WARNING * * *
You hit the orc wizard.
You feel better.
Your headbutt misses the orc wizard.
The orc wizard is heavily wounded.
The orc wizard hits you with a +0 dagger.
* * * LOW HITPOINT WARNING * * *
You emit a cloud of colourful smoke!
You miss the orc wizard.
You headbutt the orc wizard, but do no damage.
The orc wizard is heavily wounded.
The orc wizard hits you with a +0 dagger.
* * * LOW HITPOINT WARNING * * *
You miss the orc wizard.
The orc wizard is heavily wounded.
The orc wizard hits you with a +0 dagger.
* * * LOW HITPOINT WARNING * * *
You closely miss the orc wizard.
The orc wizard is heavily wounded.
The orc wizard gestures wildly while chanting.
The orc wizard flickers and vanishes!
You closely miss something.
You hear some strange, mumbled words.
A puff of flame appears from out of thin air!
The puff of flame hits you!
You die... "Huh?
Did I miss anything?"

Skill      XL: |  1  2  3 |
---------------+----------+-----
Axes           | 4 5 |  5.8
Fighting       | 4 |  4.9
Armour         | |  2.4
Dodging        | |  1.1

Action                     |  1- 3 |  4- 6 || total
---------------------------+-------+-------++-------
  Melee: Hand axe          |    75 |    55 ||   130
         Headbutt          |     5 |     5 ||    10
         Punch             |     1 |       ||     1
    Use: Potion            |     1 |       ||     1
   Stab: Distracted        |     1 |       ||     1
 Armour: Leather armour    |    59 |    39 ||    98
  Dodge: Dodged            |    30 |    12 ||    42

Levels and vault maps discovered:
D:1:      dpeg_arrival_short_road, layout_loops_ring,
          hellmonk_ecumenical_altar_leap_of_faith
D:2:      layout_basic, minmay_misc_feat_plants, nicolae_elevator_lobby_plus,
          uniq_robin
D:3:      layout_loops_corners, serial_bayou, serial_bayou_lagoon_a,
          serial_bayou_shore_a, serial_bayou_pond_c, serial_bayou_pond_b,
          chequers_serial_rivers_room_b, corexii_item_surrounded_by_moat,
          st_stairs_9, cheibrodos_gnoll_hut

Notes
Turn   | Place    | Note
-------+----------+-------------------------------------------
     0 | D:1      | scionoferis the Minotaur Chaos Knight began the quest for
                  | the Orb.
     0 | D:1      | Reached XP level 1. HP: 19/19 MP: 0/0
   135 | D:1      | Got a lithographed book
   292 | D:1      | Reached skill level 4 in Axes
   395 | D:1      | Reached XP level 2. HP: 21/27 MP: 1/1
   493 | D:1      | Reached skill level 4 in Fighting
   516 | D:1      | Found a faded altar of an unknown god.
   686 | D:1      | XOM: noise
   773 | D:2      | Reached XP level 3. HP: 33/33 MP: 2/2
   845 | D:2      | Noticed Robin
   851 | D:2      | Robin changed into Robin the orc
   851 | D:2      | Noticed Robin
   857 | D:2      | Killed Robin the orc
   864 | D:2      | Reached skill level 5 in Axes
   871 | D:2      | XOM: silly message
   883 | D:2      | Reached XP level 4. HP: 16/41 MP: 3/3
   899 | D:2      | XOM: silly message
  1000 | D:2      | XOM: silly message
  1070 | D:2      | XOM: divination: detect creatures
  1167 | D:2      | XOM: divination: magic mapping
  1333 | D:3      | XOM: stealth player
  1396 | D:3      | XOM: silly message
  1481 | D:3      | XOM: divination: detect creatures
  1485 | D:3      | XOM: smoke on damage
  1489 | D:3      | Killed from afar by an orc wizard

Vanquished Creatures
  An orc wizard (D:3)
  4 adders (D:2 D:3)
  A worm (D:3)
  A dart slug (D:2)
  2 orcs (D:2 D:3)
  6 bats (D:1 D:2)
  An endoplasm (D:1)
  12 goblins (D:1 D:2 D:3)
  6 hobgoblins (D:1 D:2 D:3)
  3 jackals (D:1)
  3 ball pythons (D:1 D:2)
  2 frilled lizards (D:2)
  8 kobolds (D:1 D:2 D:3)
  A rat (D:2)
51 creatures vanquished.

Table legend: (Time is in decaauts)
 A = Elapsed time spent in this place.
 B = Non-inter-level travel time spent in this place.
 C = Inter-level travel time spent in this place.
 D = Time resting spent in this place.
 E = Time spent auto-exploring this place.
 F = Levels seen in this place.
 G = Mean time per level.
                   A        B        C        D        E       F      G
               +--------+--------+--------+--------+--------+-----+--------+
         Total |   1497 |   1422 |     75 |     55 |   1048 |   3 |  499.0 |
       Dungeon |   1497 |   1422 |     75 |     55 |   1048 |   3 |  499.0 |
               +--------+--------+--------+--------+--------+-----+--------+

Top non-repeatable levels by time:
     D:1: 732 daAuts
     D:2: 605 daAuts
     D:3: 158 daAuts

Table legend:
 A = Non-vault XP
 B = Vault XP
 C = Vault XP percentage of total XP
 D = Non-vault monster count
 E = Vault monster count
 F = Vault count percentage of total count
                 A         B        C        D         E       F
            +---------+---------+-------+---------+---------+-------
      Total |     148 |      25 |  14.5 |      38 |      13 |  25.5
            +---------+---------+-------+---------+---------+-------
        D:1 |      29 |       0 |   0.0 |      18 |       0 |   0.0
        D:2 |      59 |      21 |  26.2 |      14 |      11 |  44.0
        D:3 |      60 |       4 |   6.2 |       6 |       2 |  25.0
            +---------+---------+-------+---------+---------+-------
